 Dungeon Crawl Stone Soup version 0.31.0-1-g2c135a0 (webtiles) character file.

Game seed: 14138911525419067412

882 Yeethoven the Covered (level 7, -13/62 HPs)
             Began as a Minotaur Fighter on Mar 13, 2024.
             Was an Initiate of Wu Jian.
             Engulfed by a cloud of flame (16 damage)
             ... on level 5 of the Dungeon on Mar 14, 2024.
             The game lasted 00:45:02 (5970 turns).

Yeethoven the Covered (Minotaur Fighter)            Turns: 5970, Time: 00:45:07

Health: -13/62     AC: 14    Str: 25    XL:     7   Next: 76%
Magic:  6/6        EV: 11    Int:  5    God:    Wu Jian [......]
Gold:   252        SH:  5    Dex: 10    Spells: 6/6 levels left

rFire   . . .        a - +0 long sword
rCold   . . .        c - +0 buckler
rNeg    . . .        r - +4 ring mail {rPois}
rPois   +            f - +2 hat
rElec   .            (no cloak)
rCorr   .            B - +1 pair of gloves {Str+3}
SInv    .            (no boots)
Will    .....        (no amulet)
Stlth   +            (no ring)
HPRegen 0.30/turn    (no ring)
MPRegen 0.10/turn

%: no passive effects
@: no status effects
A: horns 2, retaliatory headbutt
a: Renounce Religion


You were on level 5 of the Dungeon.
You worshipped Wu Jian.
Wu Jian was noncommittal.
You visited 2 branches of the dungeon, and saw 6 of its levels.

You collected 252 gold pieces.

Inventory:

Hand Weapons
 a - a +0 long sword (weapon)
 g - a +0 club
 i - a +0 long sword
 n - a +0 club
 s - a +0 spear
 t - a +2 short sword of holy wrath
 v - a +0 long sword
 w - a +0 broad axe
 A - a +0 dagger
 C - a +0 whip
 D - a +0 club
 E - a +0 flail
 F - a +0 flail
 I - a +0 scythe
 K - a +0 club
 M - a +0 hand axe
 T - a +0 dagger
 U - a +0 club
 V - a +0 sling
 X - a +0 dagger
 Y - a +0 short sword
Missiles
 e - 3 poisoned darts
 p - 46 stones
Armour
 b - a +0 scale mail
 c - a +0 buckler (worn)
 f - a +2 hat (worn)
 m - a +0 robe
 r - a +4 ring mail of poison resistance (worn)
 u - a +0 helmet
 x - a +0 leather armour
 B - a +1 pair of gloves of strength (worn)
 G - a +0 ring mail
 J - a +0 robe
 W - a +0 chain mail
Jewellery
 Z - a ring of protection from fire
Wands
 o - a wand of roots (6)
Scrolls
 j - 2 scrolls of identify (quivered)
 k - a scroll of torment
 y - a scroll of fog
 z - 2 scrolls of teleportation
 N - a scroll of summoning
 Q - a scroll of noise {unknown}
 R - 3 scrolls of revelation {unknown}
 S - a scroll of fear {unknown}
Potions
 d - a potion of might
 h - a potion of heal wounds {unknown}
 l - 2 potions of berserk rage {unknown}
 q - a potion of degeneration {unknown}
 H - a potion of curing {unknown}
 L - a potion of magic {unknown}
 P - a potion of brilliance {unknown}


   Skills:
 + Level 5.6 Fighting
 + Level 6.1 Long Blades
 + Level 6.3 Armour
 + Level 3.3 Dodging
 + Level 0.9 Stealth
 + Level 5.1 Shields


You had 6 spell levels left.
You didn't know any spells.
Your spell library contained the following spells:

 Spells                   Type           Power      Damage    Failure   Level
 Dazzling Flash           Conj/Hex       0%         N/A       95%         3
 Mephitic Cloud           Conj/Alch/Air  0%         N/A       95%         3
 Curse of Agony           Necr           0%         N/A       100%        5
 Silence                  Hex/Air        0%         N/A       100%        5


Dungeon Overview and Level Annotations

Branches:
Dungeon (5/15)             Temple (1/1) D:4

Altars:
Ashenzari
Elyvilon
Fedhas
Gozag
Kikubaaqudgha
Nemelex Xobeh
Okawaru
Qazlal
Ru
Uskayaw
Vehumet
Wu Jian
Xom
Yredelemnul
Zin
The Shining One


Innate Abilities, Weirdness & Mutations

You have a pair of horns on your head.
You reflexively headbutt those who attack you in melee.


Message History

You see here a scroll labelled UGGUVIOMEOME.
Okay, then.
You swap places.
You swap places.
As you read the scroll labelled KAOSEISOUS, it dissolves into smoke.
It was a scroll of fog.
Your quokka dissolves into shadows!
Found 4 stones.
Your ice beast dissolves into shadows!
Your iguana dissolves into shadows!
You swap places.
Your pack is full.
You see here a scroll labelled UGGUVIOMEOME.
Your orc dissolves into shadows!
Your pack is full.
You see here a scroll labelled UGGUVIOMEOME.
Your pack is full.
You see here a scroll labelled UGGUVIOMEOME.
An ogre comes into view. It is wielding a +0 giant spiked club.
As you read the scroll labelled AZXUNTUATIKOB, it crumbles to dust.
The creatures around you are filled with an inner flame!
It was a scroll of immolation.
You see here a scroll labelled UGGUVIOMEOME.
You see here a scroll labelled UGGUVIOMEOME.
You barely miss the ogre.
Flame seeps out of the ogre.
You headbutt the ogre.
The ogre is lightly wounded.
The ogre is engulfed in blazing flames.
Flame seeps out of the ogre.
The ogre hits you with a +0 giant spiked club!!
You hit the ogre.
Flame seeps out of the ogre.
The ogre is heavily wounded.
The ogre is engulfed in blazing flames.
Flame seeps out of the ogre.
The ogre completely misses you.
You slash the ogre! The Council accepts your kill.
The ogre explodes!
The fiery explosion engulfs you!!
Ouch! That really hurt!
* * * LOW HITPOINT WARNING * * *
You are engulfed in blazing flames.
You die...

#.......... ... #.........#
........... .........#
###.......... #......#
##............ #......#
##......(......
#......###..............
##......#............... .#
##........§§§........... ..#
##........?@°§...........
..###...#........§§...........
#.....###.....................
.....# ##........#####...#####
.....###.........# #§§§#
.#...............# #☼§§#
..#..............# #§§○#
.................# #...#
#.................§


There were no monsters in sight!

Vanquished Creatures
  Sigmund (D:2)
  The ghost of colig the Magician, an amateur DjEE (D:3)
  A hornet zombie (D:3)
  An ogre (D:5)
  2 phantoms
  A scorpion (D:4)
  An orc priest (D:4)
  A bullfrog skeleton (D:3)
  Ijyb (D:4)
  An orc wizard (D:4)
  4 gnolls (D:2)
  4 adders
  A dart slug (D:2)
  2 ribbon worms (D:2)
  4 orcs (D:4)
  5 bats
  10 endoplasms
  4 giant cockroaches
  9 goblins
  6 hobgoblins
  3 jackals (D:1)
  4 quokkas
  4 ball pythons
  5 frilled lizards
  12 kobolds
  12 rats
100 creatures vanquished.

Notes
Turn   | Place    | Note
-------+----------+-------------------------------------------
     0 | D:1      | Yeethoven the Minotaur Fighter began the quest for the Orb.
     0 | D:1      | Reached XP level 1. HP: 19/19 MP: 0/0
   232 | D:1      | Reached XP level 2. HP: 18/27 MP: 1/1
  1283 | D:1      | Reached XP level 3. HP: 33/33 MP: 2/2
  1834 | D:2      | Reached skill level 1 in Dodging
  1836 | D:2      | Reached XP level 4. HP: 34/40 MP: 3/3
  1986 | D:2      | Noticed Sigmund
  2004 | D:2      | Killed Sigmund
  2005 | D:2      | Reached skill level 5 in Armour
  2005 | D:2      | Reached XP level 5. HP: 28/47 MP: 4/4
  2049 | D:2      | Reached XP level 6. HP: 35/53 MP: 5/5
  3211 | D:4      | Found a staircase to the Ecumenical Temple.
  3216 | Temple   | Entered the Ecumenical Temple
  3549 | Temple   | Became a worshipper of the Wu Jian Council
  3678 | D:4      | Reached skill level 5 in Fighting
  3907 | D:4      | Found an iron altar of Okawaru.
  3943 | D:4      | Reached skill level 5 in Long Blades
  3968 | D:4      | Reached XP level 7. HP: 56/61 MP: 6/6
  4215 | D:4      | Noticed Ijyb
  4229 | D:4      | Killed Ijyb
  4474 | D:3      | Found a sacrificial altar of Ru.
  4476 | D:3      | Found a glowing golden altar of the Shining One.
  4486 | D:3      | Found a broken altar of Ashenzari.
  4490 | D:3      | Found a white marble altar of Elyvilon.
  4913 | D:3      | Found a runed translucent gate.
  4913 | D:3      | Found a runed translucent gate.
  4913 | D:3      | Found a runed translucent gate.
  4918 | D:3      | Noticed colig's ghost (amateur DjEE)
  4966 | D:3      | Killed colig's ghost
  4967 | D:3      | Reached skill level 5 in Shields
  5839 | D:5      | Entered Level 5 of the Dungeon
  5970 | D:5      | HP: 3/62 [spore (33)]
  5970 | D:5      | Engulfed by a cloud of flame

Illustrated notes

Levels and vault maps discovered:
D:1:      minmay_arrival_three_doors, layout_basic
D:2:      layout_basic, serial_curves, eino_curves_02, eino_curves_01,
          minmay_pentomino_pile, uniq_sigmund
D:3:      layout_basic, nicolae_overflow_macrodata_refinement,
          gammafunk_ghost_necromancy, wad_floor_pattern_2
D:4:      layout_basic, nicolae_overflow_crystal_walls,
          minmay_temple_entry_gardened_gates, serial_aquarium,
          aquarium_bridge_long_separate [aquarium_subvault_bridge,
          aquarium_subvault_wall, aquarium_subvault_window,
          aquarium_subvault_balcony, aquarium_subvault_bridge,
          aquarium_subvault_wall], aquarium_bridge_island_large
          [aquarium_subvault_large_open, aquarium_subvault_window,
          aquarium_subvault_bridge, aquarium_subvault_bridge,
          aquarium_subvault_bridge], aquarium_window_1, aquarium_window_corner,
          aquarium_window_corridor_2, aquarium_view_2c, aquarium_pool_double,
          uniq_ijyb
D:5:      layout_layer_cave, mainiacjoe_overflow_paths, kennysheep_slug_shrine,
          kennysheep_nub, lemuel_flame_loot_1
Temple:   jpeg_temple_clearing

Skill      XL: |  1  2  3  4  5  6  7 |
---------------+----------------------+-----
Shields        | 4 5 |  5.1
Fighting       | 4 5 |  5.6
Armour         | 4 5 6 |  6.3
Long Blades    | 3 4 5 6 |  6.1
Dodging        | 1 2 3 |  3.3
Stealth        | |  0.9

Action                     |  1- 3 |  4- 6 |  7- 9 || total
---------------------------+-------+-------+-------++-------
  Melee: Long sword        |    65 |   121 |    74 ||   260
         Headbutt          |    10 |    21 |    14 ||    45
Ability: Lunge             |       |     2 |     4 ||     6
    Use: Scroll            |       |     2 |     3 ||     5
 Armour: Scale mail        |    90 |    86 |    11 ||   187
         Ring mail         |       |       |    51 ||    51
  Dodge: Dodged            |    48 |    50 |    31 ||   129
  Block: Buckler           |    23 |    24 |    16 ||    63
